 Dungeon Crawl Stone Soup version 0.26-a0-264-g3a471323bd (webtiles) character file.

Game seed: 15182522819112946039

260 BritishOli the Covered (level 5, -5/42 HPs)
             Began as a Demonspawn Fighter on July 11, 2020.
             Slain by an iguana (9 damage)
             ... on level 3 of the Dungeon.
             The game lasted 00:02:03 (3026 turns).

BritishOli the Covered (Demonspawn Fighter)         Turns: 3026, Time: 00:02:04

Health: -5/42      AC:  7    Str: 15 (18) XL:     5   Next: 95%
Magic:  5/5        EV:  6    Int:  6 (9)  God:
Gold:   133        SH:  9    Dex: 10 (12) Spells: 4/4 levels left

rFire    + + .     SeeInvis .   a - +0 long sword
rCold    + . .     Faith    .   c - +1 kite shield
rNeg     . . .     Spirit   .   b - +0 scale mail
rPois    +         Reflect  .   (no helmet)
rElec    +         Harm     .   (no cloak)
rCorr    +                      (no gloves)
MR       .....                  (no boots)
Stlth    ..........             (no amulet)
HPRegen  0.14/turn              (no ring)
MPRegen  0.09/turn              (no ring)

@: brilliant, resistant (expiring)
A: talons 1, fire resistance 1
a: no special abilities


You were on level 3 of the Dungeon.
You were not hungry.

You visited 1 branch of the dungeon, and saw 4 of its levels.

You collected 133 gold pieces.

Inventory:

Hand Weapons
 a - a +0 long sword (weapon)
Armour
 b - a +0 scale mail (worn)
 c - a +1 kite shield (worn)
Wands
 k - a wand of disintegration (10)
Scrolls
 e - 5 scrolls of amnesia {unknown}
 g - 5 scrolls of enchant armour
 l - a scroll of noise {unknown}
 m - 2 scrolls of teleportation {unknown}
 p - a scroll of remove curse {unknown}
 q - 2 scrolls of identify {unknown}
 r - a scroll of random uselessness {unknown}
Potions
 d - 2 potions of might
 o - 3 potions of stabbing
Comestibles
 f - 20 rations


   Skills:
 + Level 4.0 Fighting
 + Level 2.9 Long Blades
 * Level 4.4 Armour
 + Level 3.5 Shields


You had 4 spell levels left.
You didn't know any spells.
Your spell library was empty.

Dungeon Overview and Level Annotations

Branches:
Dungeon (4/15)
 Temple: D:4-7

Altars:
Ashenzari
Qazlal
Ru


Innate Abilities, Weirdness & Mutations

You have sharp toenails.
Your flesh is heat resistant. (rF+)


Message History

You climb upwards.
You feel yourself slow down.
There is a stone staircase leading down here.
You barely miss the iguana. Your kick misses the iguana.
You block the iguana's attack.
You closely miss the iguana. You claw the iguana, but do no damage.
You block the iguana's attack.
You hit the iguana but do no damage.
The iguana bites you but does no damage.
You hit the iguana but do no damage. You block the iguana's attack.
The iguana bites you.
* * * LOW HITPOINT WARNING * * *
You closely miss the iguana. You block the iguana's attack.
You completely miss the iguana. You claw the iguana, but do no damage.
The iguana bites you!
* * * LOW HITPOINT WARNING * * *
You hit the iguana but do no damage.
You start to feel less resistant.
The iguana bites you!
You die...

##.#...#..##.#.####
#.#.....#.#.....†.####
#.#.....#......##.....
#.#.....#.##.###...###
##.#...#.....##.....#
#..###..#######...##
#.....#.# ##.##
#..#l##.# #.#
#..#@##.# #.#
#..#.##.# ##+##
#..(....# ##...##
##......# ##.....##
###.#.## ##.......#
#....####......>..
##.......'.........
##.....####.........
##..#..## ##.......#


You could see an iguana.

Vanquished Creatures
  2 orc wizards
  Jessica (D:2)
  A worker ant (D:3)
  A killer bee zombie (D:3)
  4 gnolls (D:2)
  An adder (D:2)
  An ooze (D:3)
  A worm (D:2)
  2 dart slugs
  13 orcs (D:3)
  5 bats
  14 giant cockroaches
  2 goblins
  6 hobgoblins
  A quokka (D:2)
  6 frilled lizards
  5 kobolds
  3 rats
69 creatures vanquished.

Notes
Turn   | Place    | Note
-------+----------+-------------------------------------------
     0 | D:1      | BritishOli the Demonspawn Fighter began the quest for the
                  | Orb.
     0 | D:1      | Reached XP level 1. HP: 18/18 MP: 1/1
   309 | D:1      | Gained mutation: Your flesh is heat resistant. (rF+)
                  | [demonic ancestry]
   309 | D:1      | Reached XP level 2. HP: 24/24 MP: 2/2
  1180 | D:2      | Found a sacrificial altar of Ru.
  1190 | D:2      | Reached XP level 3. HP: 28/29 MP: 3/3
  1271 | D:2      | Gained mutation: You have sharp toenails. [demonic
                  | ancestry]
  1271 | D:2      | Reached XP level 4. HP: 24/35 MP: 4/4
  1602 | D:2      | Noticed Jessica
  1610 | D:2      | Killed Jessica
  1610 | D:2      | Reached XP level 5. HP: 32/42 MP: 5/5
  1766 | D:2      | Found a shattered altar of Ashenzari.
  2719 | D:3      | Found a stormy altar of Qazlal.
  2970 | D:3      | HP: 2/42 [poisoned by a worker ant]
  3026 | D:3      | Slain by an iguana

Illustrated notes

Levels and vault maps discovered:
D:1:      evilmike_arrival_hilbert_curve, layout_basic
D:2:      minmay_roachtagon, layout_basic, lemuel_doored_altar,
          nicolae_ru_great_annihilating_truth, first_ration,
          minmay_misc_feat_secret_circle, kennysheep_jessica_study
D:3:      layout_loops_corners, grunt_qazlal_sundering
D:4:      layout_layer_cave, grunt_temple_overflow_diamond, uniq_pikel,
          uniq_duvessa

Skill      XL: |  1  2  3  4  5 |
---------------+----------------+-----
Long Blades    | 2 |  2.9
Armour         | 3 4 |  4.4
Shields        | 3 |  3.5
Fighting       | 4 |  4.0

Action                   |  1- 3 |  4- 6 || total
-------------------------+-------+-------++-------
Melee: Long sword        |    94 |   132 ||   226
       Kick              |       |    41 ||    41
  Use: Potion            |       |     7 ||     7
       Scroll            |       |     1 ||     1
 Stab: Paralysed         |     1 |       ||     1
  Eat: Ration            |     1 |     1 ||     2
Armor: Scale mail        |    47 |    60 ||   107
Dodge: Dodged            |    32 |    35 ||    67
Block: Kite shield       |    38 |    83 ||   121
       Rpst.: Long sword |    13 |    11 ||    24

Table legend:
 A = Non-vault XP
 B = Vault XP
 C = Vault XP percentage of total XP
 D = Non-vault monster count
 E = Vault monster count
 F = Vault count percentage of total count
                 A         B        C        D         E       F
            +---------+---------+-------+---------+---------+-------
      Total |     266 |     106 |  28.5 |      52 |      17 |  24.6
            +---------+---------+-------+---------+---------+-------
        D:1 |      20 |       0 |   0.0 |      11 |       0 |   0.0
        D:2 |      92 |     106 |  53.5 |      18 |      17 |  48.6
        D:3 |     154 |       0 |   0.0 |      23 |       0 |   0.0
            +---------+---------+-------+---------+---------+-------
